 Dungeon Crawl Stone Soup version 0.30-a0-161-gdd60e06945 (webtiles) character file.

Game seed: 628335869436830679

182 qw the Chopper (level 5, -3/32 HPs)
             Began as a Gargoyle Fighter on Sept 27, 2022.
             Slain by a wight
             ... wielding a +4 war axe of freezing
              (5 damage)
             ... on level 3 of the Dungeon.
             The game lasted 00:01:05 (2718 turns).

qw the Chopper (Gargoyle Fighter)                   Turns: 2718, Time: 00:01:05

Health: -3/32      AC: 10    Str: 22    XL:     5   Next: 61%
Magic:  5/5        EV:  9    Int:  8    God:
Gold:   95         SH:  4    Dex:  9    Spells: 4/4 levels left

rFire   . . .      SeeInvis .    a - +8 mithril axe "Arga" {speed, Will+}
rCold   . . .      Faith    .    c - +0 buckler
rNeg    + . .      Spirit   .    b - +0 scale mail
rPois   inf        Reflect  .    (no helmet)
rElec   +          Harm     .    (no cloak)
rCorr   .          Rampage  .    (no gloves)
Will    +....                    (no boots)
Stlth   ..........               (no amulet)
HPRegen 0.10/turn                (no ring)
MPRegen 0.09/turn                (no ring)

@: no status effects
A: sickness immunity, AC +4, negative energy resistance 1, electricity
resistance, torment resistance 1, petrification resistance
a: no special abilities


You were on level 3 of the Dungeon.
You visited 1 branch of the dungeon, and saw 3 of its levels.

You collected 95 gold pieces.


Innate Abilities, Weirdness & Mutations

You are immune to sickness and miasma.
Your stone body is resilient. (AC +4)
You are immune to poison.
You resist negative energy. (rN+)
You are resistant to electric shocks. (rElec)
You are resistant to unholy torment.
You are immune to petrification.


   Skills:
 + Level 3.6 Fighting
 - Level 5.0 Axes
 - Level 3.2 Armour
 - Level 3.2 Shields


You had 4 spell levels left.
You didn't know any spells.
Your spell library was empty.

Inventory:

Hand Weapons
 a - the +8 mithril axe "Arga" (weapon) {speed, Will+}
   (You acquired it on level 1 of the Dungeon)

   Attacks with this weapon are significantly faster.
   Will:      It increases your willpower.
 f - a +0 flail
Armour
 b - a +0 scale mail (worn)
 c - a +0 buckler (worn)
Scrolls
 h - 2 scrolls of blinking {unknown}
 m - a scroll of immolation {unknown}
 n - a scroll of magic mapping {unknown}
Potions
 d - a potion of might
 e - a potion of curing
 g - a potion of berserk rage {unknown}
 i - a potion of lignification {unknown}
 j - a potion of invisibility {unknown}
 k - 2 potions of degeneration {unknown}
 l - 2 potions of mutation {unknown}

Dungeon Overview and Level Annotations

Branches:
Dungeon (3/15)

Altars:
Dithmenos
Fedhas

Shops:
D:3 (


Message History

You are frozen.
You slash the endoplasm!
You kill the endoplasm!
You start resting.
HP restored.
Found an escape hatch in the ceiling.
A ball python comes into view.
The ball python hisses angrily.
You slash the ball python!
You kill the ball python!
You open the door.
There is an open door here.
A wight comes into view.
It is wielding a +4 war axe of freezing.
Enter note:
Enter note:
Enter note: You barely miss the wight.
The wight hits you with a +4 war axe of freezing.
The wight freezes you.
You hit the wight.
The wight is moderately damaged.
You block the wight's attack.
You closely miss the wight.
The wight is moderately damaged.
The wight barely misses you.
You hit the wight.
The wight is severely damaged.
You block the wight's attack.
You closely miss the wight.
The wight is severely damaged.
The wight hits you with a +4 war axe of freezing!
The wight freezes you.
You hit the wight but do no damage.
The wight is severely damaged.
You block the wight's attack.
You hit the wight.
The wight is almost destroyed.
The wight hits you with a +4 war axe of freezing!
The wight freezes you.
You die...

#....#.# ...
######....#.#####
#.........#......
#.........#......
##.........####'##
#.........(.......
#...###...........
#...# ###########.
#@z.# #. #...# #.
....... #.
#....#.... #.
#.####.### ## #. #
#. #.


You could see a wight.

Vanquished Creatures
  An orc priest (D:3)
  Terence (D:2)
  Jessica (D:2)
  3 adders
  A worm (D:3)
  A dart slug (D:3)
  5 orcs (D:3)
  4 endoplasms
  2 giant cockroaches
  5 goblins
  8 hobgoblins
  3 jackals (D:1)
  5 kobolds
  4 quokkas
  8 ball pythons
  4 bats
  4 frilled lizards
  3 rats (D:1)
63 creatures vanquished.

Notes
Turn   | Place    | Note
-------+----------+-------------------------------------------
     0 | D:1      | qw the Gargoyle Fighter began the quest for the Orb.
     0 | D:1      | Reached XP level 1. HP: 14/14 MP: 1/1
     0 | D:1      | 0 ||| qw: Version: 0.2-a-10-g37ed214
     0 | D:1      | 0 ||| qw: Game counter: 645
     0 | D:1      | 0 ||| qw: Always use a shield: true
     0 | D:1      | 0 ||| qw: God list: Okawaru
     0 | D:1      | 0 ||| qw: Allow faded altars: false
     0 | D:1      | 0 ||| qw: Do Orc after D:15 true
     0 | D:1      | 0 ||| qw: Do second Lair branch before Depths: true
     0 | D:1      | 0 ||| qw: Lair rune preference: random
     0 | D:1      | 0 ||| qw: Plans: Normal, Zot:1-4, God:TSO, Crypt, Tomb,
                  | Pan, Slime:5, Hells, Abyss, Orb
     0 | D:1      | 0 ||| PLANNING D:1-11
   192 | D:1      | Reached skill level 2 in Axes
   254 | D:1      | Reached XP level 2. HP: 19/19 MP: 2/2
   561 | D:1      | Reached skill level 3 in Axes
   720 | D:1      | Reached XP level 3. HP: 23/23 MP: 3/3
  1016 | D:1      | Found a faded altar of an unknown god.
  1022 | D:1      | 1022 ||| READING scroll labelled XADIMIA ATAET.
  1023 | D:1      | 1023 ||| READING scroll labelled HOAKHA DEPHUCK.
  1026 | D:1      | 1026 ||| READING scroll labelled JORREFROCK.
  1027 | D:1      | 1027 ||| READING scroll labelled VIVVOEKHLE.
  1309 | D:2      | Reached XP level 4. HP: 21/28 MP: 4/4
  1471 | D:2      | Found a blossoming altar of Fedhas.
  1473 | D:2      | Noticed Jessica
  1482 | D:2      | HP: 6/28 [Jessica/nerve-wracking pain (7)]
  1483 | D:2      | 1483 ||| READING scroll of teleportation.
  1484 | D:2      | Killed Jessica
  1485 | D:2      | Reached skill level 4 in Axes
  1829 | D:2      | 1829 ||| DROPPING +0 whip.
  1835 | D:2      | Noticed Terence
  1837 | D:2      | 1837 ||| FLEEEEING.
  1838 | D:2      | 1838 ||| FLEEEEING.
  1839 | D:2      | 1839 ||| FLEEEEING.
  1840 | D:2      | 1840 ||| FLEEEEING.
  1843 | D:2      | 1843 ||| FLEEEEING.
  1847 | D:2      | 1847 ||| FLEEEEING.
  1848 | D:2      | 1848 ||| FLEEEEING.
  1849 | D:2      | 1849 ||| FLEEEEING.
  1850 | D:2      | 1850 ||| FLEEEEING.
  1851 | D:2      | 1851 ||| FLEEEEING.
  1852 | D:2      | 1852 ||| FLEEEEING.
  1853 | D:2      | 1853 ||| FLEEEEING.
  1854 | D:2      | 1854 ||| FLEEEEING.
  1855 | D:2      | 1855 ||| FLEEEEING.
  1856 | D:2      | 1856 ||| FLEEEEING.
  1858 | D:2      | 1858 ||| FLEEEEING.
  1859 | D:2      | 1859 ||| FLEEEEING.
  1860 | D:2      | 1860 ||| FLEEEEING.
  1861 | D:2      | 1861 ||| FLEEEEING.
  1862 | D:2      | 1862 ||| FLEEEEING.
  1863 | D:2      | 1863 ||| FLEEEEING.
  1864 | D:2      | 1864 ||| FLEEEEING.
  1865 | D:2      | 1865 ||| FLEEEEING.
  1866 | D:2      | 1866 ||| FLEEEEING.
  1867 | D:2      | 1867 ||| FLEEEEING.
  1868 | D:2      | 1868 ||| FLEEEEING.
  1869 | D:2      | 1869 ||| FLEEEEING.
  1870 | D:2      | 1870 ||| FLEEEEING.
  1871 | D:2      | 1871 ||| FLEEEEING.
  1872 | D:2      | 1872 ||| FLEEEEING.
  1873 | D:2      | 1873 ||| FLEEEEING.
  1874 | D:2      | 1874 ||| FLEEEEING.
  1875 | D:2      | 1875 ||| FLEEEEING.
  1880 | D:2      | 1880 ||| STAIRDANCE
  2029 | D:1      | 2029 ||| READING scroll labelled IFOHO NOCRAUHI.
  2030 | D:1      | 2030 ||| READING scroll labelled LIPPUECSUYHI.
  2030 | D:1      | Identified a scroll of acquirement
  2030 | D:1      | 2030 ||| ACQUIRING +8 mithril axe "Arga" {speed, Will+}
  2030 | D:1      | Acquired the +8 mithril axe "Arga" {speed, Will+}
  2030 | D:1      | Found the +8 mithril axe "Arga" {speed, Will+}
  2032 | D:1      | 2032 ||| SWAPPING to +8 mithril axe "Arga" {speed, Will+}.
  2033 | D:1      | 2033 ||| DROPPING +1 war axe.
  2042 | D:2      | Killed Terence
  2087 | D:2      | 2087 ||| DROPPING +0 whip of venom.
  2131 | D:2      | Reached XP level 5. HP: 32/32 MP: 5/5
  2160 | D:2      | 2160 ||| DRINKING 2 coppery potions.
  2189 | D:3      | 2189 ||| Stepping ~*~*~tactically~*~*~ (stealth).
  2190 | D:3      | 2190 ||| Stepping ~*~*~tactically~*~*~ (stealth).
  2196 | D:3      | 2196 ||| DROPPING +3 whip.
  2210 | D:3      | 2210 ||| Stepping ~*~*~tactically~*~*~ (stealth).
  2345 | D:3      | 2345 ||| Stepping ~*~*~tactically~*~*~ (hiding).
  2354 | D:3      | Reached skill level 5 in Axes
  2545 | D:3      | Found a shadowy altar of Dithmenos.
  2630 | D:3      | Found Editsops's Antique Weapon Boutique.
  2718 | D:3      | HP: 2/32 [wight/+4 war axe of freezing (11)]
  2718 | D:3      | Slain by a wight

Levels and vault maps discovered:
D:1:      lightli_arrival_isolated_outpost, layout_basic, serial_forest,
          infiniplex_forest_clump_diagonal, infiniplex_forest_straight_5,
          infiniplex_forest_end_1, infiniplex_forest_end_2,
          infiniplex_forest_lined_3, infiniplex_forest_clump_curved,
          infiniplex_forest_clump_curved, infiniplex_forest_lined_3_way,
          infiniplex_forest_lined_3, infiniplex_forest_side_room,
          nicolae_ecumenical_lake_church
D:2:      layout_basic, basic_altar, uniq_terence, uniq_jessica
D:3:      layout_basic, overflow_temple_1_default, serial_shops, shop

Skill      XL: |  1  2  3  4  5 |
---------------+----------------+-----
Axes           | 2 3 4 5 |  5.0
Fighting       | |  3.6
Armour         | |  3.2
Shields        | |  3.2

Action                   |  1- 3 |  4- 6 || total
-------------------------+-------+-------++-------
Melee: War axe           |    85 |    16 ||   101
       Broad axe         |       |    52 ||    52
  Use: Scroll            |     4 |     3 ||     7
       Potion            |       |     1 ||     1
Armor: Scale mail        |    34 |    13 ||    47
Dodge: Dodged            |    39 |    17 ||    56
Block: Buckler           |    17 |    10 ||    27

Table legend:
 A = Non-vault XP
 B = Vault XP
 C = Vault XP percentage of total XP
 D = Non-vault monster count
 E = Vault monster count
 F = Vault count percentage of total count
                 A         B        C        D         E       F
            +---------+---------+-------+---------+---------+-------
      Total |     185 |      75 |  28.8 |      61 |       2 |   3.2
            +---------+---------+-------+---------+---------+-------
        D:1 |      46 |       0 |   0.0 |      28 |       0 |   0.0
        D:2 |      45 |      75 |  62.5 |      13 |       2 |  13.3
        D:3 |      94 |       0 |   0.0 |      20 |       0 |   0.0
            +---------+---------+-------+---------+---------+-------
